 Dungeon Crawl Stone Soup version 0.29-a0-251-g80730f7218 (webtiles) character file.

Game seed: 6169277827999917321

287 bande the Covered (level 6, -5/38 HPs)
             Began as a Gargoyle Fighter on Mar 6, 2022.
             Slain by a black bear (11 damage)
             ... on level 4 of the Dungeon.
             The game lasted 00:06:13 (3682 turns).

bande the Covered (Gargoyle Fighter)                Turns: 3682, Time: 00:06:14

Health: -5/38      AC: 16    Str: 19    XL:     6   Next: 30%
Magic:  6/6        EV:  9    Int:  9    God:
Gold:   103        SH:  4    Dex: 11    Spells: 5/5 levels left

rFire   . . .      SeeInvis .   k - +0 hand axe (elec)
rCold   . . .      Faith    .   c - +0 buckler
rNeg    + . .      Spirit   .   b - +0 scale mail
rPois   ∞          Reflect  .   (no helmet)
rElec   +          Harm     .   e - +2 cloak
rCorr   .          Rampage  .   j - +0 pair of gloves
Will    .....                   (no boots)
Stlth   ..........              (no amulet)
HPRegen 0.12/turn               (no ring)
MPRegen 0.10/turn               (no ring)

@: no status effects
A: sickness immunity, AC +4, negative energy resistance 1, electricity
resistance, torment resistance 1, petrification resistance
a: no special abilities


You were on level 4 of the Dungeon.
You visited 1 branch of the dungeon, and saw 4 of its levels.

You collected 103 gold pieces.

Inventory:

Hand Weapons
 a - a +0 war axe
 g - a +1 flail of holy wrath
 k - a +0 hand axe of electrocution (weapon)
Armour
 b - a +0 scale mail (worn)
 c - a +0 buckler (worn)
 e - a +2 cloak (worn)
 j - a +0 pair of gloves (worn)
Wands
 f - a wand of digging (7)
Scrolls
 l - 2 scrolls of teleportation
 m - 2 scrolls of magic mapping
 n - a scroll of identify {unknown}
Potions
 d - a potion of might
 h - a potion of curing {unknown}
 i - 2 potions of haste {unknown}


   Skills:
 + Level 4.1 Fighting
 + Level 4.0 Axes
 + Level 4.4 Armour
 + Level 4.0 Shields
 * Level 1.6 Evocations


You had 5 spell levels left.
You didn't know any spells.
Your spell library contained the following spells:

 Spells                   Type           Power      Damage    Failure   Level
 Dazzling Flash           Conj/Hex       0%         N/A       99%         3
 Iskenderun's Mystic Bla  Conj/Tloc      0%         2d3       100%        4
 Starburst                Conj/Fire      0%         6d3       100%        6


Dungeon Overview and Level Annotations

Branches:
Dungeon (4/15)
 Temple: D:4-7

Altars:
Elyvilon
Makhleb
Vehumet

Shops:
D:1 (

Annotations:
D:3 exclusion: statue


Innate Abilities, Weirdness & Mutations

You are immune to sickness and miasma.
Your stone body is resilient. (AC +4)
You are immune to poison.
You resist negative energy. (rN+)
You are resistant to electric shocks. (rElec)
You are resistant to unholy torment.
You are immune to petrification.


Message History

You hit the black bear.
The black bear is severely wounded.
The black bear barely misses you.
The black bear claws you but does no damage. x2
The black bear bites you but does no damage.
The black bear claws you but does no damage. x2
You hit the black bear.
The black bear is almost dead.
The black bear bites you but does no damage.
The black bear barely misses you. You block the black bear's attack.
The black bear bites you! The black bear claws you.
The black bear claws you but does no damage.
You are too injured to fight recklessly!
You are too injured to fight recklessly!
You are too injured to fight recklessly!
You are too injured to fight recklessly!
You are too injured to fight recklessly!
You are too injured to fight recklessly!
You are too injured to fight recklessly!
You are too injured to fight recklessly!
You barely miss the black bear.
The black bear is almost dead.
The black bear bites you!
* * * LOW HITPOINT WARNING * * *
You block the black bear's attack.
The black bear claws you but does no damage.
The black bear barely misses you. x2; The black bear closely misses you.
You hit the black bear.
The black bear is almost dead.
The black bear closely misses you. The black bear claws you.
* * * LOW HITPOINT WARNING * * *
The black bear barely misses you. The black bear closely misses you.
You block the black bear's attack.
The black bear claws you but does no damage.
You barely miss the black bear.
The black bear is almost dead.
The black bear bites you.
* * * LOW HITPOINT WARNING * * *
The black bear barely misses you. x2; The black bear bites you!
You die...

,,,* *,*,*
*,#.#.##.#.....#,* ,,,*
*,*,* *,#.#.##†#.....#,*
,,,* *,*,*
*,#.#.##..##+###,* ,,,*
*,*,* *,#..........# *,*
**** *,*,***,#..........#
*,*** *,*,,,,,#..........#
*,,,, *,#######..........#
***** *,#................#
*,#.####.@.........#
*,*,*,,#.h.........#
*,*,*,,#...........#
*,*,#.....#.####.,,*******
*,*,##.#.##.# **,*>,,,,,,,
*,*,...#.**.#**⌠,⌠********
*,*###*#.**..,,,_,,,,,,,,,
*,,,,,,..***#**⌠,⌠,***,,,,
*******##* **,,,* *,***


You could see a black bear (berserk).

Vanquished Creatures
  A bullfrog (D:4)
  A scorpion (D:4)
  A jelly (D:4)
  A hound (D:4)
  An iguana (D:4)
  An adder (D:4)
  2 worms
  2 dart slugs
  4 orcs (D:4)
  6 endoplasms
  4 giant cockroaches
  3 goblins
  5 hobgoblins
  2 jackals (D:1)
  9 kobolds
  4 quokkas
  5 ball pythons
  4 bats
  A frilled lizard (D:1)
  2 rats
59 creatures vanquished.

Vanquished Creatures (others)
  A plant (D:1)
1 creature vanquished.

Grand Total: 60 creatures vanquished

Notes
Turn   | Place    | Note
-------+----------+-------------------------------------------
     0 | D:1      | bande the Gargoyle Fighter began the quest for the Orb.
     0 | D:1      | Reached XP level 1. HP: 14/14 MP: 1/1
   154 | D:1      | Reached XP level 2. HP: 19/19 MP: 2/2
   389 | D:1      | Found Ena Rokk's Antique Weapon Emporium.
   514 | D:1      | Found a faded altar of an unknown god.
  1171 | D:2      | Reached XP level 3. HP: 23/23 MP: 3/3
  1673 | D:2      | Found a burning altar of Makhleb.
  2251 | D:3      | Found a radiant altar of Vehumet.
  2251 | D:3      | Noticed a frost-covered statue
  2499 | D:3      | Reached XP level 4. HP: 28/29 MP: 4/4
  2680 | D:3      | Found a white marble altar of Elyvilon.
  2771 | D:4      | Noticed a scorpion
  2776 | D:4      | Killed a scorpion
  2777 | D:4      | Reached XP level 5. HP: 33/33 MP: 5/5
  2998 | D:4      | Reached skill level 1 in Evocations
  3252 | D:4      | Reached XP level 6. HP: 18/38 MP: 6/6
  3666 | D:4      | Noticed a black bear
  3682 | D:4      | Slain by a black bear

Illustrated notes

Levels and vault maps discovered:
D:1:      dpeg_arrival_court, layout_basic, chequers_ecumenical_altar_lobes,
          serial_shops, shop
D:2:      layout_loops_cross, basic_altar, minmay_tromino_v4_b
D:3:      layout_loops_ring, overflow_temple_1_default, vehumet_statue
D:4:      layout_basic, nemelex_xobeh_ov_fountains_minmay

Skill      XL: |  1  2  3  4  5  6 |
---------------+-------------------+-----
Axes           | 2 3 4 |  4.0
Armour         | 4 |  4.4
Fighting       | 4 |  4.1
Evocations     | 1 |  1.6
Shields        | 4 |  4.0

Action                   |  1- 3 |  4- 6 || total
-------------------------+-------+-------++-------
Melee: War axe           |    85 |       ||    85
       Hand axe          |    50 |    67 ||   117
  Use: Scroll            |     3 |     2 ||     5
Armor: Scale mail        |    89 |    54 ||   143
Dodge: Dodged            |    62 |    36 ||    98
Block: Buckler           |    35 |    15 ||    50

Table legend: (Time is in decaauts)
 A = Elapsed time spent in this place.
 B = Non-inter-level travel time spent in this place.
 C = Inter-level travel time spent in this place.
 D = Time resting spent in this place.
 E = Time spent auto-exploring this place.
 F = Levels seen in this place.
 G = Mean time per level.
                   A        B        C        D        E       F      G
               +--------+--------+--------+--------+--------+-----+--------+
         Total |   3739 |   3701 |     38 |    449 |   2564 |   4 |  934.8 |
       Dungeon |   3739 |   3701 |     38 |    449 |   2564 |   4 |  934.8 |
               +--------+--------+--------+--------+--------+-----+--------+

Top non-repeatable levels by time:
     D:1: 1169 daAuts
     D:4: 924 daAuts
     D:2: 915 daAuts
     D:3: 730 daAuts
